 Dungeon Crawl Stone Soup version 0.28-a0-909-g796cbd3a86 (webtiles) character file.

Game seed: 13366551995958321937

3867 funkygono the Basher (level 10, -2/63 HPs)
             Began as a Gargoyle Fighter on Nov 24, 2021.
             Was a Priest of Okawaru.
             Slain by a kobold brigand (8 damage)
             ... on level 7 of the Dungeon.
             The game lasted 00:14:20 (9492 turns).

funkygono the Basher (Gargoyle Fighter)             Turns: 9492, Time: 00:14:21

Health: -2/63      AC: 28    Str: 23    XL:     10   Next: 19%
Magic:  10/11      EV: 10    Int:  9    God:    Okawaru [***...]
Gold:   325        SH:  7    Dex: 15    Spells: 9/9 levels left

rFire   . . .      SeeInvis .   a - +1 flail
rCold   . . .      Faith    .   c - +0 buckler
rNeg    + . .      Spirit   .   j - +1 plate armour
rPois   ∞          Reflect  .   x - +0 helmet
rElec   +          Harm     .   n - +0 cloak
rCorr   .          Rampage  .   (no gloves)
Will    .....                   s - +0 pair of boots
Stlth   ..........              (no amulet)
HPRegen 0.20/turn               v - ring of wizardry
MPRegen 0.12/turn               D - +6 ring of dexterity

@: heroic, hasted, very quick
A: sickness immunity, AC +7, negative energy resistance 1, electricity
resistance, torment resistance 1, petrification resistance
a: Renounce Religion, Heroism


You were on level 7 of the Dungeon.
You worshipped Okawaru.
Okawaru was most pleased with you.
You visited 2 branches of the dungeon, and saw 11 of its levels.

You collected 325 gold pieces.

Inventory:

Hand Weapons
 a - a +1 flail (weapon)
 g - a +2 quarterstaff of chaos
 o - a +0 whip
Missiles
 e - 206 stones
 p - 36 poisoned darts (quivered)
 E - a curare-tipped dart
Armour
 b - a +0 scale mail
 c - a +0 buckler (worn)
 h - the +4 skin of Zhor {*Englaciate rC+++ SInv}
   (You took it off a kobold demonologist on level 7 of the Dungeon)

   It radiates cold, occasionally slowing all nearby creatures who are not
   resistant to cold.
   rC:        It renders you almost immune to cold.
   SInv:      It lets you see invisible.
 j - a +1 plate armour (worn)
 k - a scarf of repulsion
 m - a +2 hat
 n - a +0 cloak (worn)
 s - a +0 pair of boots (worn)
 x - a +0 helmet (worn)
 y - a +2 leather armour of positive energy
Jewellery
 u - a ring of ice
 v - a ring of wizardry (left hand)
 D - a +6 ring of dexterity (right hand)
Wands
 C - a wand of paralysis (7)
Scrolls
 w - a scroll of teleportation
Potions
 d - a potion of lignification {unknown}
 f - 2 potions of mutation
 i - 2 potions of flight
 l - a potion of invisibility {unknown}
 q - 2 potions of haste
 r - a potion of brilliance {unknown}
 t - 3 potions of curing {unknown}
 z - a potion of resistance {unknown}
 A - 2 potions of attraction {unknown}
 B - a potion of might


   Skills:
 + Level 7.4(12.4) Fighting
 + Level 9.6(14.6) Maces & Flails
 + Level 0.8(5.8) Throwing
 + Level 8.1(13.1) Armour
 + Level 1.2(6.2) Dodging
 + Level 6.4(11.4) Shields
 + Level 2.3 Invocations


You had 9 spell levels left.
You didn't know any spells.
Your spell library contained the following spells:

 Spells                   Type           Power      Damage    Failure   Level
 Freeze                   Ice            0%         1d3       82%         1
 Ensorcelled Hibernation  Hex/Ice        0%         N/A       91%         2
 Scorch                   Fire           0%         2d5       91%         2
 Wereblood                Tmut           0%         N/A       91%         2
 Frozen Ramparts          Ice            0%         1d2       99%         3
 Spider Form              Tmut/Pois      0%         N/A       99%         3
 Hailstorm                Conj/Ice       0%         3d3       100%        4
 Alistair's Intoxication  Tmut/Pois      0%         N/A       100%        5
 Necromutation            Tmut/Necr      0%         N/A       100%        8
 Summon Small Mammal      Summ           Unusable   N/A       N/A         1
 Call Canine Familiar     Summ           Unusable   N/A       N/A         3
 Summon Guardian Golem    Hex/Summ       Unusable   N/A       N/A         3

Dungeon Overview and Level Annotations

Branches:
Dungeon (10/15)            Temple (1/1) D:4
   Lair: D:8-11         Orc: D:9-12

Altars:
Ashenzari
Cheibriados
Dithmenos
Elyvilon
Fedhas
Gozag
Hepliaklqana
Kikubaaqudgha
Makhleb
Nemelex Xobeh
Okawaru
Ru
Sif Muna
Trog
Uskayaw
Vehumet
Wu Jian
Xom
Zin
The Shining One

Annotations:
D:8 kal9871's ghost, novice DDNe


Innate Abilities, Weirdness & Mutations

You are immune to sickness and miasma.
Your stone body is resilient. (AC +7)
You are immune to poison.
You resist negative energy. (rN+)
You are resistant to electric shocks. (rElec)
You are resistant to unholy torment.
You are immune to petrification.


Message History

The tengu warrior is lightly wounded.
The kobold brigand throws a curare-tipped dart.
The curare-tipped dart barely misses you.
The tengu warrior blocks your attack.
The tengu warrior is lightly wounded.
The tengu warrior hits you with a +0 long sword!
The tengu warrior pecks you but does no damage.
You block the tengu warrior's attack.
You closely miss the tengu warrior.
The tengu warrior is lightly wounded.
The tengu warrior hits you but does no damage.
The tengu warrior pecks you.
The tengu warrior claws you but does no damage.
The tengu warrior blocks your attack.
The tengu warrior is lightly wounded.
You block the kobold's attack.
The kobold brigand hits you with a +2 whip of pain!
The tengu warrior throws a stone.
The stone hits you.
* * * LOW HITPOINT WARNING * * *
Things that are here:
2 poisoned darts; a +0 short sword; a kobold skeleton You block the kobold's attack.
There is a stone staircase leading up here.
The kobold hits you with a +2 dagger of freezing.
* * * LOW HITPOINT WARNING * * *
The kobold freezes you.
* * * LOW HITPOINT WARNING * * *
The tengu warrior hits you but does no damage.
The tengu warrior pecks you but does no damage.
The tengu warrior claws you but does no damage.
The kobold brigand hits you with a +2 whip of pain!
* * * LOW HITPOINT WARNING * * *
You writhe in agony.
* * * LOW HITPOINT WARNING * * *
You climb upwards.
There is a stone staircase leading down, spattered with blood here.
You see here 2 silver javelins.
You feel yourself speed up. The kobold hits you but does no damage.
The kobold brigand hits you with a +2 whip of pain!
You die...

#.......#########.#.
#.#####.............
#.# #########.###.
#.# #......... #.#
#.###.##.. #.# #.#
##.#.. #.# #.# ##...
#.##### #.# ##.#
#.K@KQ# ###.# #.#
#####.# #...# #.#
#<# #.### #.# #.#
#.# #.# #.# #.# #.#
#.# #.# #.. #.###.#
#.. #.....# #..
#####.########..


You could see a tengu warrior, a kobold brigand and a kobold.

Vanquished Creatures
  A hydra (D:7)
  A kobold demonologist (D:7)
  A troll (D:9)
  Sigmund (D:6)
  A spriggan (D:7)
  A wyvern (D:7)
  2 steam dragons
  A water moccasin (D:5)
  A hornet zombie (D:6)
  2 sky beasts
  2 ice beasts
  An ogre (D:4)
  A centaur (D:8)
  2 bullfrogs
  2 kobold brigands
  A scorpion (D:7)
  A jelly (D:5)
  5 wights
  A howler monkey (D:4)
  A gnoll shaman (D:7)
  3 orc priests
  Crazy Yiuf (D:2)
  A hound (D:3)
  3 centaur skeletons
  Terence (D:2)
  An iguana (D:5)
  6 orc wizards
  A howler monkey zombie (D:7)
  6 gnolls
  6 adders
  A white imp (D:8)
  An adder skeleton (D:4)
  A worm (D:2)
  3 dart slugs
  7 orcs
  9 ball pythons
  8 bats
  4 endoplasms
  5 giant cockroaches
  6 goblins
  10 hobgoblins
  6 jackals
  2 quokkas
  5 frilled lizards
  22 kobolds
  5 rats
153 creatures vanquished.

Vanquished Creatures (others)
  5 fungi
  2 plants (D:1)
7 creatures vanquished.

Grand Total: 160 creatures vanquished

Notes
Turn   | Place    | Note
-------+----------+-------------------------------------------
     0 | D:1      | funkygono the Gargoyle Fighter began the quest for the Orb.
     0 | D:1      | Reached XP level 1. HP: 14/14 MP: 1/1
   259 | D:1      | Reached XP level 2. HP: 19/19 MP: 2/2
   289 | D:1      | Got the Almanac of Unstable Fire
   782 | D:1      | Reached XP level 3. HP: 18/24 MP: 3/3
   917 | D:1      | Found a faded altar of an unknown god.
  1357 | D:2      | Found an ancient bone altar of Kikubaaqudgha.
  1391 | D:2      | Noticed Terence
  1407 | D:2      | Killed Terence
  1408 | D:2      | Reached XP level 4. HP: 26/29 MP: 4/4
  2040 | D:2      | Reached skill level 3 in Maces & Flails
  2176 | D:2      | Found a runed translucent door.
  2177 | D:2      | Noticed Crazy Yiuf
  2192 | D:2      | Killed Crazy Yiuf
  2193 | D:2      | Reached XP level 5. HP: 29/33 MP: 3/5
  2394 | D:3      | Found a shimmering blue altar of Sif Muna.
  2406 | D:3      | Found a shimmering altar of Xom.
  3089 | D:3      | Found a burning altar of Makhleb.
  3551 | D:4      | Found a staircase to the Ecumenical Temple.
  3559 | D:4      | Reached skill level 4 in Maces & Flails
  3559 | D:4      | Reached XP level 6. HP: 34/38 MP: 6/6
  3870 | Temple   | Entered the Ecumenical Temple
  3935 | Temple   | Became a worshipper of Warmaster Okawaru
  4187 | D:4      | HP: 1/38 [ogre (18)]
  4189 | D:4      | Reached skill level 5 in Armour
  4481 | D:4      | Found a sparkling altar of Nemelex Xobeh.
  4740 | D:5      | Entered Level 5 of the Dungeon
  4801 | D:5      | Reached XP level 7. HP: 39/44 MP: 7/7
  4902 | D:5      | Reached * piety under Okawaru
  4903 | D:5      | Reached skill level 5 in Maces & Flails
  5469 | D:5      | Reached XP level 8. HP: 48/48 MP: 8/8
  5711 | D:5      | Reached skill level 6 in Maces & Flails
  6159 | D:6      | Reached skill level 5 in Fighting
  6282 | D:6      | Found a broken altar of Ashenzari.
  6285 | D:6      | Found a snail-covered altar of Cheibriados.
  6427 | D:6      | Noticed Sigmund
  6434 | D:6      | Killed Sigmund
  6434 | D:6      | Reached ** piety under Okawaru
  6435 | D:6      | Reached skill level 1 in Dodging
  6435 | D:6      | Reached skill level 5 in Shields
  6755 | D:6      | Found a sacrificial altar of Ru.
  6984 | D:6      | Reached skill level 7 in Maces & Flails
  7364 | D:7      | You fall into a shaft and drop 3 floors!
  7364 | D:10     | Entered Level 10 of the Dungeon
  7364 | D:10     | Noticed a troll
  7389 | D:9      | Killed a troll
  7390 | D:9      | Reached XP level 9. HP: 16/55 MP: 7/9
  7659 | D:8      | Noticed kal9871's ghost (novice DDNe)
  7660 | D:8      | Noticed a two-headed ogre
  7704 | D:7      | Reached skill level 1 in Invocations
  7882 | D:7      | Reached skill level 8 in Maces & Flails
  8591 | D:8      | Noticed a kobold demonologist
  8804 | D:8      | Noticed a soul eater
  8814 | D:7      | Noticed a sixfirhy
  8816 | D:7      | Noticed an ice devil
  8818 | D:7      | Killed a kobold demonologist
  8818 | D:7      | Reached *** piety under Okawaru
  8818 | D:7      | Received a gift from Okawaru
  8850 | D:7      | Reached skill level 9 in Maces & Flails
  9025 | D:8      | Noticed a seven-headed hydra
  9186 | D:7      | Killed a seven-headed hydra
  9187 | D:7      | Reached XP level 10. HP: 20/63 MP: 9/11
  9457 | D:8      | Noticed a tengu warrior
  9492 | D:7      | Slain by a kobold brigand

Illustrated notes

Levels and vault maps discovered:
D:1:      kilobyte_arrival_exit_the_forest, layout_loops_ring,
          dilly_ecumenical_altar_fadedgnrine, minmay_stone_trees_small
D:2:      layout_rooms, basic_altar, kennysheep_generic_room_2,
          uniq_crazy_yiuf_cottage, uniq_terence
D:3:      layout_basic, mainiacjoe_overflow_alcove_1,
          mainiacjoe_overflow_catwalk_spiral
D:4:      layout_gridville, mainiacjoe_overflow_24_doors,
          minmay_temple_entry_hall
D:5:      layout_basic
D:6:      kennysheep_steamy, layout_basic, nicolae_overflow_squiral,
          mainiacjoe_overflow_concentric_impassable, uniq_sigmund
D:7:      layout_loops_ring, the_hattery
D:8:      layout_cave_pools, mainiacjoe_overflow_catwalk,
          mainiacjoe_overflow_tiny_flanked, nzn_ghost_randoct,
          minmay_misc_feat_alley, nicolae_lava_and_water, minmay_radiant
D:9:      layout_roguey, nrook_uturn, uniq_erolcha
D:10:     layout_small_grid
Temple:   dshaligram_water_room_temple

Skill      XL: |  1  2  3  4  5  6  7  8  9 |
---------------+----------------------------+-----
Armour         | 4 5 6 7 8 |  8.1
Maces & Flails | 3 4 5 7 9 |  9.6
Shields        | 4 5 6 |  6.4
Fighting       | 4 5 7 |  7.4
Dodging        | 1 |  1.2
Invocations    | 2 |  2.3
Throwing       | |  0.8

Action                   |  1- 3 |  4- 6 |  7- 9 | 10-12 || total
-------------------------+-------+-------+-------+-------++-------
Melee: Flail             |   149 |   252 |   355 |    30 ||   786
Throw: Dart              |       |     2 |     5 |     5 ||    12
Invok: Heroism           |       |       |    16 |     2 ||    18
Evoke: Wand              |       |       |     1 |       ||     1
  Use: Scroll            |     2 |     5 |     5 |       ||    12
       Potion            |     1 |     1 |     1 |     1 ||     4
 Stab: Invisible         |       |     2 |       |       ||     2
Armor: Scale mail        |    37 |       |       |       ||    37
       Plate armour      |    56 |   199 |   323 |    22 ||   600
Dodge: Dodged            |    72 |    73 |   121 |     8 ||   274
Block: Buckler           |    29 |    61 |   108 |    15 ||   213

Table legend: (Time is in decaauts)
 A = Elapsed time spent in this place.
 B = Non-inter-level travel time spent in this place.
 C = Inter-level travel time spent in this place.
 D = Time resting spent in this place.
 E = Time spent auto-exploring this place.
 F = Levels seen in this place.
 G = Mean time per level.
                   A        B        C        D        E       F      G
               +--------+--------+--------+--------+--------+-----+--------+
         Total |   9588 |   9331 |    257 |    939 |   6477 |  11 |  871.6 |
       Dungeon |   9502 |   9266 |    236 |    939 |   6429 |  10 |  950.2 |
        Temple |     85 |     65 |     20 |      0 |     48 |   1 |   85.0 |
               +--------+--------+--------+--------+--------+-----+--------+

Top non-repeatable levels by time:
     D:7: 1753 daAuts
     D:6: 1536 daAuts
     D:4: 1411 daAuts
     D:1: 1355 daAuts
     D:5: 1049 daAuts
     D:3: 1024 daAuts
     D:2: 969 daAuts
     D:9: 279 daAuts
     D:8: 115 daAuts
  Temple: 85 daAuts
    D:10: 7 daAuts
